Axel, chaotic female human Monk ---- -------- ---..| --.|.--.--- --....-- |.........| |.....G-----.........--## ----- |..@.....^...%........-)-------------------...--- ---- --------##-.....................................-- |..| --....%....-%..[..------------------....-- |..| -................-- ---.....--|.-- |............--...| |........||.| --.......>..----..- |..|....--|.| --.........| |... ---|.---- |.-- --........- -..... |.| --..-- |......... ...... |.|----....| --.............---.- |.|.--....-- ---...........| . |.^.......| --..........| --.....----- ---........| --.....-- ---....--- |<.--..| .!--- -------- --- Axel the Novice Experience level: 4 Strength: 18/02 Dexterity: 15 Constitution: 8 Intelligence: 10 Wisdom: 13 Charisma: 9 Health: 0(34) Energy: 18(18) Def: 6 Gold: 195 Moves: 465 Dungeon seed: RtZJ0YTa_R0tiLTQ Game ID: Axel_1471544142 Your Inventory: Coins $ - 195 gold pieces Weapons s - a +0 dwarvish mattock Armor e - an uncursed +2 pair of leather gloves (being worn) n - an uncursed +1 robe (being worn) q - an uncursed +0 pair of elven boots Comestibles d - 4 uncursed food rations f - 5 uncursed apples g - 6 uncursed oranges h - 3 uncursed fortune cookies Scrolls b - an uncursed scroll of identify o - an uncursed scroll of scare monster Spellbooks a - a blessed spellbook of sleep Potions c - 3 uncursed potions of healing m - an uncursed potion of invisibility p - a cursed potion of speed Rings l - an uncursed ring of teleportation Wands i - a wand of enlightenment (0:3) Tools j - a magic marker (0:98) t - an uncursed tallow candle (0:200) Gems r - an uncursed worthless piece of black glass y - an uncursed worthless piece of yellow glass Spells and supernatural/magical abilities: Name Level Category Fail Memory z - sleep 1 enchantment 0% 98% W - pray for help -- divine ? -- Your skills at the end: Miscellaneous Skills martial arts [Basic] wands [Basic] Weapon Skills Spellcasting Skills healing spells [Basic] Final Attributes: You were piously aligned. You were sleep resistant. You were poison resistant. You saw invisible. You were fast. You were lucky. You are dead. Vanquished creatures: 3 gnome lords 2 dwarves a gas spore 6 gnomes 2 jackals 2 newts a goblin a sewer rat a grid bug 3 lichens 22 creatures vanquished. Voluntary challenges: You went without food. You did not adorn yourself with jewelry or accessories. You were an atheist. You never hit with a wielded weapon. You did not use tools. You were illiterate. You never genocided any monsters. You never polymorphed an object. You never changed form. You used no wishes. You never split a pudding. You never wrote Elbereth's name. You never violated your personal moral code. Dungeon overview: The Dungeons of Doom: levels 1 to 2 Level 1 a long staircase Level 2 a sink stairs to The Gnomish Mines The Gnomish Mines: Level 3 <- You were here stairs to The Dungeons of Doom History has recorded: On T:1 you entered the Dungeons of Doom to retrieve the Amulet of Yendor! On T:221 you reached level 2 of The Dungeons of Doom. On T:248 you reached level 1 of The Gnomish Mines. On T:369 you advanced to experience level 2. On T:434 you advanced to experience level 3. On T:444 you advanced to experience level 4. Score breakdown: Gold: 195 ( 19 points) Experience: 4 levels ( 300 points) Exploration: 3 levels ( 60 points) Discoveries: 0 items ( 0 points) Variety of kills: 10 monsters ( 500 points) Major goal: (nothing yet) ( 0 points) Survival: died (score multiplied by 3) Total score: 2637 Latest messages: There are a few more objects here. Never mind. s - a broad pick. You strike the gnome lord! You kill the gnome lord! Welcome to experience level 4. You see here a candle. t - a candle. You see here a gnome lord corpse. The little dog eats a dwarf corpse. You kill the gas spore! You are caught in the gas spore's explosion! You kill the gnome! You see here a gnome corpse. It eats a gnome lord corpse. The gnome punches you! You kill the gnome! (2x) There are a few objects here. You stop running. The gnome punches you! (2x) You kill the gnome! The gnome punches you! You die... Final status: Goodbye Axel the Monk, killed by a gnome... You died in The Gnomish Mines on dungeon level 3 with 2637 points, and 195 pieces of gold, after 465 moves. You were level 4 with a maximum of 34 hit points when you died.